 Dungeon Crawl Stone Soup version 0.31-a0-846-gb3bcc0d938 (webtiles) character file.

Game seed: 12034298379184122571

95 scionoferis the Chopper (level 4, 0/41 HPs)
             Began as a Hill Orc Monk on Oct 3, 2023.
             Slain by Terence
             ... wielding a +0 flail
              (6 damage)
             ... on level 3 of the Dungeon.
             The game lasted 00:05:29 (1857 turns).

scionoferis the Chopper (Hill Orc Monk)             Turns: 1857, Time: 00:05:30

Health: 0/41       AC:  5    Str: 15    XL:     4   Next: 66%
Magic:  4/4        EV: 11    Int: 10    God:
Gold:   41         SH:  0    Dex: 13    Spells: 3/3 levels left

rFire   . . .        a - +0 hand axe
rCold   . . .        d - orb {light}
rNeg    . . .        i - +0 ring mail
rPois   .            (no helmet)
rElec   .            (no cloak)
rCorr   .            (no gloves)
SInv    .            (no boots)
Will    .....        (no amulet)
Stlth   +            n - ring of flight
HPRegen 0.26/turn    (no ring)
MPRegen 0.09/turn

%: no passive effects
@: brilliant, flying, glowing
A: no striking features
a: no special abilities


You were on level 3 of the Dungeon.
You visited 1 branch of the dungeon, and saw 3 of its levels.

You collected 41 gold pieces.


   Skills:
 + Level 4.7 Fighting
 * Level 6.1 Axes
 + Level 0.3 Armour
 - Level 2.4 Dodging


You had 3 spell levels left.
You didn't know any spells.
Your spell library contained the following spells:

 Spells                   Type           Power      Damage    Failure   Level
 Poisonous Vapours        Pois/Air       0%         N/A       75%         2
 Mephitic Cloud           Conj/Pois/Air  0%         N/A       92%         3
 Ozocubu's Armour         Ice            0%         N/A       92%         3
 Freezing Cloud           Conj/Ice/Air   0%         6-21      100%        5
 Ozocubu's Refrigeration  Ice            0%         4d7       100%        7

Inventory:

Hand Weapons
 a - a +0 hand axe (weapon)
 w - a +0 battleaxe
   (You found it on level 2 of the Dungeon)
Missiles
 q - 2 poisoned darts (quivered)
Armour
 d - an orb of light (worn)
 i - a +0 ring mail (worn)
   (You found it on level 1 of the Dungeon)
 m - a +0 scale mail
   (You found it on level 1 of the Dungeon)
 u - a scarf of invisibility
   (You found it on level 2 of the Dungeon)
Jewellery
 n - a ring of flight (left hand)
   (You found it on level 1 of the Dungeon)
Scrolls
 e - a scroll of poison {unknown}
 f - a scroll of fear {unknown}
 h - 2 scrolls of vulnerability {unknown}
 j - 2 scrolls of revelation {unknown}
 k - 2 scrolls of blinking {unknown}
 o - a scroll of teleportation {unknown}
 p - a scroll of identify {unknown}
 s - a scroll of enchant weapon {unknown}
 x - a scroll of torment {unknown}
Potions
 r - a potion of heal wounds {unknown}
 t - a potion of might {unknown}
 v - 2 potions of degeneration {unknown}

Dungeon Overview and Level Annotations

Branches:
Dungeon (3/15)

Altars:

Annotations:
D:3 Terence

### #.. #########
#.# #....b..# ###
#.# #@#
##.#######.##
#@####............
#S..gg....#####.##
######...## #.##
##.## #... #.#
#### #.# #+# ####


You could see Terence, an adder and a bat.


Message History

Welcome, scionoferis the Hill Orc Monk.
A smirking vizier told you that the Orb of Zot is just within this dungeon.
Press ? for a list of commands and other information.
Found a leather armour.
Found a staircase leading out of the dungeon.
You see here a +0 leather armour.
e - a +0 leather armour You start removing your armour.
You continue taking off your +0 robe. x4
You finish taking off your +0 robe.
You start putting on your armour.
You continue putting on your +0 leather armour. x5
You finish putting on your +0 leather armour.
You drop a +0 robe.
You now have 2 gold pieces.
A rat comes into view.
You hit the rat but do no damage. The rat bites you.
You barely miss the rat. The rat barely misses you.
You hit the rat.
You kill the rat!
No target in view!
HP restored.
You now have 14 gold pieces (gained 12).
Found a dagger.
A ball python comes into view.
The ball python hisses angrily.
The ball python bites you but does no damage.
The ball python closely misses you.
You hit the ball python but do no damage.
The ball python bites you but does no damage.
The ball python grabs you. The ball python constricts you.
You hit the ball python but do no damage.
The ball python closely misses you. The ball python constricts you.
You barely miss the ball python. The ball python barely misses you.
The ball python constricts you. The ball python bites you.
The ball python constricts you.
You hit the ball python but do no damage.
The ball python bites you. The ball python constricts you.
You hit the ball python.
You kill the ball python!
No target in view!
Found a dagger.
b - a yellow potion You pick up Ozocubu's Autobiography and begin reading...
You add the spells Ozocubu's Armour and Ozocubu's Refrigeration to your library.
Found a leather armour.
Found a stone staircase leading down.
Found a spear.
f - a scroll labelled LOFASCHITOA A frilled lizard comes into view.
Found a bubbling amethyst potion.
You hit the frilled lizard.
You kill the frilled lizard!
No target in view!
You see here a frilled lizard corpse.
g - a bubbling amethyst potion You open the door.
Found a stone staircase leading down.
An endoplasm comes into view.
The endoplasm misses you.
You hit the endoplasm.
The endoplasm is severely wounded.
The endoplasm closely misses you.
You hit the endoplasm.
You kill the endoplasm!
No target in view!
A kobold comes into view. It is wielding a +0 short sword.
The kobold shouts!
Found a scroll labelled LITUGI HAUMEO.
The kobold hits you with a +0 short sword.
You hit the kobold.
The kobold is heavily wounded.
A kobold comes into view. It is wielding a +0 whip.
The kobold hits you with a +0 short sword.
The kobold shouts!
You hit the kobold but do no damage.
The kobold is heavily wounded.
The kobold closely misses you.
You hit the kobold but do no damage.
The kobold is heavily wounded.
The kobold barely misses you.
You hit the kobold but do no damage.
The kobold is heavily wounded.
The kobold misses you.
You hit the kobold.
You kill the kobold!
Found an escape hatch in the floor.
You see here a +0 short sword.
You hit the kobold.
You kill the kobold!
No target in view!
h - a scroll labelled LITUGI HAUMEO You open the door.
There is an open door here.
A frilled lizard and an endoplasm come into view.
The frilled lizard hisses angrily.
The endoplasm quivers.
You swing at nothing.
You swing at nothing.
You closely miss the frilled lizard. The frilled lizard closely misses you.
You closely miss the frilled lizard.
The frilled lizard bites you but does no damage.
The frilled lizard misses you.
You hit the frilled lizard.
You kill the frilled lizard!
The endoplasm barely misses you.
You hit the endoplasm.
The endoplasm is severely wounded.
The endoplasm barely misses you.
You hit the endoplasm.
You kill the endoplasm!
You have reached level 2!
Found a ring mail.
You open the door.
There is an open door here.
Found a club.
Search for what [? for help]? ring
Found a sedimented red potion.
Found a scale mail.
There is an open door here.
You open the door.
There is an open door here.
You see here a +0 ring mail.
i - a +0 ring mail You start removing your armour.
You continue taking off your +0 leather armour. x4
You finish taking off your +0 leather armour.
You start putting on your armour.
You continue putting on your +0 ring mail. x5
You finish putting on your +0 ring mail.
Unknown command.
You drop a +0 leather armour.
Found a stone staircase leading down.
e - a scroll labelled OCUCVA CAAGIA A rat comes into view.
The rat barely misses you.
You hit the rat.
You kill the rat!
No target in view!
You see here a rat corpse.
A rat, a jackal and an endoplasm come into view.
Found three items.
The jackal barks!
The endoplasm quivers.
The rat bites you.
You hit the rat.
You kill the rat!
You hit the jackal but do no damage.
The jackal bites you but does no damage.
The jackal closely misses you. The jackal attacks as it pursues you!
The jackal misses you.
You see here a rat corpse.
You hit the jackal.
The jackal is moderately wounded.
The jackal bites you but does no damage.
The jackal closely misses you.
You hit the jackal.
You kill the jackal!
You completely miss the endoplasm. The endoplasm hits you.
You hit the endoplasm.
The endoplasm is moderately wounded.
The endoplasm hits you.
You hit the endoplasm.
You kill the endoplasm!
You swing at nothing.
Found 8 stones.
j - a scroll labelled NURCHOASUOPT You pick up a book of Vapours and begin reading...
You add the spells Poisonous Vapours, Mephitic Cloud and Freezing Cloud to your library.
k - a scroll labelled TIADGH WIHUEDY You see here a rat corpse.
j - 2 scrolls labelled NURCHOASUOPT (gained 1)
You see here 8 stones.
Found a leather armour.
l - a sedimented red potion A quokka comes into view.
Found a faded altar of an unknown god.
You swing at nothing.
You swing at nothing.
You swing at nothing.
You swing at nothing.
The quokka barely misses you.
You slash the quokka!
You kill the quokka!
You swing at nothing.
You see here a quokka corpse.
You see here a +0 scale mail.
m - a +0 scale mail A goblin comes into view.
It is wielding a +0 club.
Found a scroll labelled KOAKIL ECU and a scroll labelled CIHYLYETOG.
You swing at nothing.
You hit the goblin.
You kill the goblin!
Your Fighting skill increases to level 4!
You swing at nothing.
You see here a +0 club.
h - 2 scrolls labelled LITUGI HAUMEO (gained 1)
n - a ring of flight You fly up into the air.
n - a ring of flight (left hand)
o - a scroll labelled CIHYLYETOG
p - a scroll labelled KOAKIL ECU
Found 2 poisoned darts.
You see here 2 poisoned darts.
q - 2 poisoned darts A frilled lizard comes into view.
The frilled lizard hisses angrily.
The frilled lizard bites you.
You slash the frilled lizard!
You kill the frilled lizard!
No target in view!
You start removing your armour.
You continue taking off your +0 ring mail. x4
You finish taking off your +0 ring mail.
You start putting on your armour.
You continue putting on your +0 scale mail. x5
You finish putting on your +0 scale mail.
Unknown command.
You start removing your armour.
You continue taking off your +0 scale mail. x4
You finish taking off your +0 scale mail.
You start putting on your armour.
You continue putting on your +0 ring mail. x5
You finish putting on your +0 ring mail.
Unknown command.
There is an open door here.
There is an open door here.
Done exploring.
Done exploring.
There is a stone staircase leading down here.
You fly downwards.
The adder hisses angrily.
Found a leather armour.
Found a stone staircase leading down.
There is a stone staircase leading up here.
You fly upwards.
There is a stone staircase leading down here.
There is a stone staircase leading down here.
You fly downwards.
Found a fizzy dark potion, a scroll labelled TIADGH WIHUEDY and a robe.
There is a stone staircase leading up here.
A bat comes into view.
The bat barely misses you.
You see here a fizzy dark potion.
You closely miss the bat. The bat closely misses you.
A ball python comes into view.
The ball python hisses angrily.
The bat misses you. The ball python barely misses you.
The ball python grabs you. The ball python constricts you.
You barely miss the ball python. You closely miss the bat. The bat hits you.
The bat closely misses you.
The ball python bites you but does no damage.
The ball python constricts you.
You barely miss the ball python. You hit the bat. The bat closely misses you.
The bat hits you but does no damage. The ball python closely misses you.
The ball python constricts you. The ball python bites you.
The ball python constricts you. The bat hits you.
You hit the ball python.
The ball python is moderately wounded.
You barely miss the bat. The bat hits you.
The ball python bites you but does no damage.
The ball python constricts you. The bat hits you but does no damage.
You hit the ball python.
The ball python is severely wounded.
You hit the bat. The bat closely misses you.
The bat hits you but does no damage. The ball python barely misses you.
The ball python constricts you.
You hit the ball python.
You kill the ball python!
You hit the bat but do no damage. The bat hits you. The bat barely misses you.
You closely miss the bat.
The bat is heavily wounded.
The bat hits you but does no damage. The bat barely misses you.
You hit the bat but do no damage.
The bat is heavily wounded.
The bat completely misses you. The bat hits you but does no damage.
You hit the bat.
You kill the bat!
No target in view!
HP restored.
r - a fizzy dark potion
k - 2 scrolls labelled TIADGH WIHUEDY (gained 1)
A ball python comes into view.
The ball python hisses angrily.
You swing at nothing.
A dart slug comes into view.
You hit the ball python.
The ball python is moderately wounded.
The ball python barely misses you. The ball python misses you.
You hit the ball python but do no damage.
The ball python is moderately wounded.
The ball python barely misses you. The ball python grabs you.
The ball python constricts you.
You hit the ball python.
You kill the ball python!
The dart slug launches a dart at you. The slug dart misses you.
You swing at nothing.
An endoplasm comes into view.
The dart slug barely misses you.
The endoplasm quivers.
You hit the dart slug.
The dart slug is moderately wounded.
The dart slug misses you.
You hit the dart slug.
The dart slug is severely wounded.
You hit the dart slug.
You kill the dart slug!
You see here a dart slug corpse.
The endoplasm hits you.
You hit the endoplasm.
You kill the endoplasm!
Your Axes skill increases to level 5!
No target in view!
Found a plate armour.
An adder comes into view.
Found a stone staircase leading down.
The adder hisses angrily.
You barely miss the adder. The adder misses you.
You hit the adder.
The adder is heavily wounded.
The adder bites you. The adder bites you but does no damage.
You hit the adder but do no damage.
The adder is heavily wounded.
The adder barely misses you.
You slash the adder!
You kill the adder!
You have reached level 3!
Your experience leads to an increase in your attributes!
Increase (S)trength, (I)ntelligence, or (D)exterity?
You feel stronger. x2
An adder comes into view.
The adder hisses angrily.
The adder moves out of view.
An endoplasm comes into view.
You swing at nothing.
You swing at nothing.
You hit the adder.
The adder is lightly wounded.
The adder barely misses you. The adder bites you but does no damage.
You hit the adder.
The adder is heavily wounded.
The adder bites you but does no damage.
You hit the adder.
The adder is severely wounded.
The adder bites you. x2
You are poisoned.
The adder poisons you!
You hit the adder.
The adder is severely wounded.
You feel sick. The adder bites you.
You closely miss the adder.
The adder is severely wounded.
You feel sick. The adder bites you but does no damage.
You closely miss the adder.
The adder is severely wounded.
You feel sick.
The adder bites you but does no damage. x2
The endoplasm quivers.
You hit the adder.
You kill the adder!
You feel sick.
You swing at nothing.
You feel sick.
You are no longer poisoned.
You hit the endoplasm.
The endoplasm is lightly wounded.
The endoplasm hits you but does no damage.
You hit the endoplasm.
You kill the endoplasm!
You swing at nothing.
You see here a +0 plate armour.
s - a scroll labelled VITHRAM CAIL
Found a blade talisman.
Found 7 stones.
Found a dagger.
A hobgoblin comes into view.
The hobgoblin shouts!
A hobgoblin is nearby!
The hobgoblin hits you but does no damage.
You hit the hobgoblin.
The hobgoblin is moderately wounded.
The hobgoblin closely misses you.
You hit the hobgoblin.
The hobgoblin is heavily wounded.
The hobgoblin hits you but does no damage.
You hit the hobgoblin.
The hobgoblin is almost dead.
The hobgoblin hits you.
You hit the hobgoblin.
You kill the hobgoblin!
No target in view!
Found a stone staircase leading up.
There is a stone staircase leading up here.
A rat comes into view.
You barely miss the rat. The rat closely misses you.
You hit the rat.
You kill the rat!
No target in view!
You see here a rat corpse.
You now have 24 gold pieces (gained 10).
A dart slug comes into view.
The dart slug bites you but does no damage.
You slash the dart slug!
The dart slug is severely wounded.
The dart slug bites you but does no damage.
You hit the dart slug.
You kill the dart slug!
No target in view!
t - a fuming black potion
Found a club.
Found a stone staircase leading down.
An endoplasm comes into view.
The endoplasm quivers.
An endoplasm is nearby!
Found a mace.
The endoplasm barely misses you.
You hit the endoplasm.
The endoplasm is almost dead.
The endoplasm hits you.
You hit the endoplasm.
You kill the endoplasm!
No target in view!
No target in view!
No target in view!
A bat is nearby!
A bat is nearby!
The bat hits you. The bat misses you. The bat hits you but does no damage.
You hit the bat but do no damage. The bat hits you but does no damage.
A frilled lizard comes into view.
The frilled lizard hisses angrily.
The bat barely misses you.
You hit the worm.
The worm is lightly wounded.
The bat hits you but does no damage. The worm completely misses you.
You hit the worm but do no damage.
The worm is lightly wounded.
The bat hits you but does no damage.
You hit the worm.
The worm is moderately wounded.
The bat hits you but does no damage. The worm bites you.
You hit the worm but do no damage.
The worm is lightly wounded.
You completely miss the frilled lizard. The bat hits you.
The frilled lizard misses you. The worm bites you.
You slash the worm!
The worm is heavily wounded.
You hit the frilled lizard. The bat barely misses you.
The frilled lizard barely misses you.
You hit the worm.
The worm is heavily wounded.
You barely miss the frilled lizard. The worm bites you.
The frilled lizard bites you but does no damage.
The bat closely misses you.
You are too injured to fight recklessly!
You are too injured to fight recklessly!
You are too injured to fight recklessly!
You are too injured to fight recklessly!
The bat attacks as it pursues you! The bat hits you.
The bat hits you but does no damage.
You slash the worm!
The worm is almost dead.
You completely miss the worm.
The worm is almost dead.
The worm bites you.
You hit the worm.
The worm is almost dead.
You hit the worm but do no damage.
The worm is almost dead.
The worm bites you!
* * * LOW HITPOINT WARNING * * *
You hit the worm.
The worm is almost dead.
The worm barely misses you.
You hit the worm.
You kill the worm!
The bat closely misses you. The bat misses you.
You hit the bat.
The bat is heavily wounded.
The bat misses you.
You hit the frilled lizard but do no damage.
The frilled lizard is heavily wounded.
The frilled lizard barely misses you.
You slash the frilled lizard!
You kill the frilled lizard!
The bat closely misses you. The bat barely misses you.
You see here a worm corpse.
You hit the bat.
You kill the bat!
You start resting.
A ball python is nearby!
The ball python hisses angrily.
You see here a +0 club.
You are too injured to fight recklessly!
You are too injured to fight recklessly!
You are too injured to fight recklessly!
You are too injured to fight recklessly!
You are too injured to fight recklessly!
You hit the ball python.
You kill the ball python!
HP restored.
A ball python comes into view.
The ball python hisses angrily.
You barely miss the ball python.
The ball python bites you but does no damage.
The ball python grabs you. The ball python constricts you.
You barely miss the ball python. The ball python closely misses you.
The ball python constricts you.
You barely miss the ball python. The ball python bites you.
The ball python constricts you.
You hit the ball python.
The ball python is moderately wounded.
The ball python barely misses you. The ball python constricts you.
The ball python closely misses you. The ball python constricts you.
You barely miss the ball python.
The ball python is moderately wounded.
The ball python barely misses you. The ball python constricts you.
You hit the ball python.
The ball python is heavily wounded.
The ball python bites you. The ball python constricts you.
You hit the ball python.
You kill the ball python!
You have reached level 4!
You hit the adder.
The adder is moderately wounded.
The adder bites you but does no damage.
You closely miss the adder.
The adder is moderately wounded.
The adder bites you but does no damage.
You closely miss the adder.
The adder is moderately wounded.
The adder closely misses you. The adder barely misses you.
You slash the adder!
The adder is almost dead.
The adder misses you.
You barely miss the adder.
The adder is almost dead.
The adder bites you but does no damage.
You hit the adder but do no damage.
The adder is almost dead.
The adder bites you but does no damage. The adder bites you.
You hit the adder.
You kill the adder!
Found a scale mail.
You see here a +0 scale mail.
A kobold comes into view. It is wielding a +0 dagger.
The kobold barely misses you.
You hit the kobold but do no damage. The kobold hits you with a +0 dagger.
You hit the kobold but do no damage. The kobold hits you but does no damage.
You hit the kobold.
The kobold is severely wounded.
The kobold hits you but does no damage.
You hit the kobold.
You kill the kobold!
No target in view!
You see here a +0 dagger.
You see here a scarf of invisibility.
u - a scarf of invisibility You now have 41 gold pieces (gained 17).
A worm comes into view.
You hit the worm.
The worm is moderately wounded.
You slash the worm!
The worm is severely wounded.
The worm bites you.
You hit the worm.
The worm is almost dead.
You hit the worm.
You kill the worm!
No target in view!
A quokka comes into view.
A quokka is nearby!
A dart slug comes into view.
The dart slug briefly extends its eye-stalks.
The quokka closely misses you.
You hit the quokka but do no damage.
The quokka bites you but does no damage.
You barely miss the quokka. The quokka barely misses you.
You hit the quokka.
The quokka is severely wounded.
The quokka barely misses you. The dart slug launches a dart at you.
The slug dart hits you.
You hit the quokka.
You kill the quokka!
The dart slug launches a dart at you. The slug dart misses you.
Found a leather armour and a fizzy clear potion.
The dart slug barely misses you.
You hit the dart slug.
The dart slug is moderately wounded.
The dart slug launches a dart at you. The slug dart hits you.
You slash the dart slug!
You kill the dart slug!
No target in view!
You see here a dart slug corpse.
v - a fizzy clear potion A bat comes into view.
The bat closely misses you.
A bat is nearby!
You hit the bat.
You kill the bat!
No target in view!
You see here a bat corpse.
A quokka comes into view.
A quokka is nearby!
Found a battleaxe and a fizzy clear potion.
The quokka bites you.
You barely miss the quokka. The quokka barely misses you. x2
You barely miss the quokka.
The quokka bites you but does no damage.
You hit the quokka but do no damage.
The quokka bites you but does no damage.
You completely miss the quokka. The quokka completely misses you.
You hit the quokka.
The quokka is heavily wounded.
The quokka bites you.
You closely miss the quokka.
The quokka is heavily wounded.
The quokka bites you but does no damage.
The quokka bites you.
You hit the quokka.
You kill the quokka!
No target in view!
You see here a +0 battleaxe.
w - a +0 battleaxe
v - 2 fizzy clear potions (gained 1)
You see here a +0 mace.
There is a fountain of sparkling water here.
There is a fountain of clear blue water here.
There is a fountain of clear blue water here.
There is a stone staircase leading up here.
Done exploring.
Done exploring.
There is a stone staircase leading up here.
There is a stone staircase leading down here.
Search for what [Enter for "ring", or ? for help]? d: Unknown command.
You fly downwards.
You hear the sound of rushing water.
There is an entrance to a sewer on this level.
Hurry and find it before the portal rusts away!
Found a stone staircase leading up.
There is a stone staircase leading up here.
An orc comes into view. It is wielding a +0 dagger.
The orc shouts!
The orc jeers loudly.
The orc hits you but does no damage.
You completely miss the orc. The orc hits you with a +0 dagger.
You hit the orc.
The orc is severely wounded.
The orc closely misses you.
You hit the orc.
You kill the orc!
Things that are here:
a +0 dagger; a +0 ring mail A frilled lizard comes into view.
The frilled lizard hisses angrily.
A bat comes into view.
You swing at nothing.
The bat hits you but does no damage.
An endoplasm comes into view.
The endoplasm quivers.
You slash the bat!
You kill the bat!
Your Axes skill increases to level 6!
You swing at nothing.
You barely miss the frilled lizard. The frilled lizard barely misses you.
You hit the frilled lizard.
The frilled lizard is heavily wounded.
The frilled lizard bites you but does no damage.
You hit the frilled lizard but do no damage.
The frilled lizard is heavily wounded.
The frilled lizard barely misses you.
You slash the frilled lizard!
You kill the frilled lizard!
You hit the endoplasm.
You kill the endoplasm!
You swing at nothing.
Things that are here:
a frilled lizard corpse; a bat corpse
Things that are here:
a frilled lizard corpse; a bat corpse You hear the slow rusting of a very distant drain.
As you open the door, it creaks loudly!
Found a scroll labelled YGHEAGG VUMMAI.
There is an open door here.
Found a stone staircase leading down.
Found a scroll labelled KOAKIL ECU.
x - a scroll labelled YGHEAGG VUMMAI
Found a scroll labelled LOFASCHITOA.
You hear the slow rusting of a very distant drain.
A hobgoblin comes into view.
Found a stone staircase leading down.
The hobgoblin shouts!
You hit the hobgoblin.
You kill the hobgoblin!
Things that are here:
a frilled lizard corpse; a bat corpse You hear the slow rusting of a very distant drain.
Found a stone staircase leading down.
You reach down and open the door. 4 gnolls come into view.
A gnoll is wielding a +2 heavy spear.
The gnoll shouts! x3
Found a ring mail.
You hit the gnoll.
The gnoll is heavily wounded.
The gnoll hits you but does no damage.
Unknown command.
The gnoll barely misses you. The gnoll barely misses you.
The gnoll closely misses you.
You barely miss the gnoll. The gnoll closely misses you.
The gnoll hits you with a +0 spear.
You hit the gnoll.
The gnoll is heavily wounded.
The gnoll closely misses you. The gnoll hits you with a +0 spear.
You hit the gnoll.
The gnoll is severely wounded.
The gnoll hits you from afar with a +0 halberd!
The gnoll closely misses you.
You hit the gnoll.
The gnoll is severely wounded.
The gnoll closely misses you. The gnoll hits you but does no damage.
You hit the gnoll.
You kill the gnoll!
The gnoll closely misses you.
Terence the Incautious comes into view.
He is wielding a +0 flail.
Terence shouts!
Terence barely misses you.
Found 5 gold pieces.
Found a ring mail.
Terence attacks as he pursues you! Terence barely misses you.
Terence says, "Did you write a will?
You should..."
Terence attacks as he pursues you! Terence hits you but does no damage.
Terence attacks as he pursues you! Terence hits you with a +0 flail.
Terence attacks as he pursues you! Terence closely misses you.
Terence attacks as he pursues you! Terence hits you with a +0 flail!
You hear the slow rusting of a very distant drain.
An adder comes into view.
The adder hisses angrily.
Terence attacks as he pursues you! Terence misses you.
The adder closely misses you. Terence attacks as he pursues you!
Terence hits you but does no damage. The adder bites you. The adder bites you.
You are poisoned.
The adder poisons you!
You feel sick. The adder attacks as it pursues you!
The adder barely misses you.
You feel sick. The adder attacks as it pursues you!
The adder barely misses you. The adder closely misses you.
You feel sick. Terence attacks as he pursues you!
Terence hits you with a +0 flail!
* * * LOW HITPOINT WARNING * * *
You feel sick.
You are no longer poisoned.
It was a potion of cancellation.
You feel magically purged. Terence closely misses you.
It was a potion of curing.
You feel better. Terence closely misses you.
You are confused.
You feel invigorated. Terence barely misses you.
You slash Terence!
Terence is moderately wounded.
Terence completely misses you.
You bump into the rock wall.
Terence barely misses you. Terence attacks as he pursues you!
Terence hits you with a +0 flail.
You feel less invigorated.
You feel less confused. Terence says, "Did you write a will?
You should..."
You hit Terence but do no damage.
Terence is moderately wounded.
Terence hits you with a +0 flail.
You hit Terence but do no damage.
Terence is moderately wounded.
Terence hits you with a +0 flail! Terence closely misses you.
A bat comes into view.
Terence attacks as he pursues you! Terence hits you with a +0 flail!
* * * LOW HITPOINT WARNING * * *
The bat hits you but does no damage.
It was a potion of brilliance.
You feel clever all of a sudden. The bat hits you but does no damage.
Terence hits you with a +0 flail.
You die...

Skill      XL: |  1  2  3  4 |
---------------+-------------+-----
Fighting       | 4 |  4.7
Axes           | 5 6 |  6.1
Armour         | |  0.3
Dodging        | |  2.4

Action                     |  1- 3 |  4- 6 || total
---------------------------+-------+-------++-------
  Melee: Hand axe          |    96 |    48 ||   144
    Use: Potion            |       |     4 ||     4
 Armour: Leather armour    |     8 |       ||     8
         Ring mail         |    54 |    41 ||    95
  Dodge: Dodged            |    60 |    38 ||    98

Levels and vault maps discovered:
D:1:      wheals_arrival_shading, layout_basic,
          hellmonk_ecumenical_altar_lost_god, minmay_vboxes
D:2:      layout_loops_ring, grunt_ministairs_10
D:3:      layout_loops_corners, nicolae_tso_besieged_by_evil,
          portal_sewer_entry_f, uniq_terence

Notes
Turn   | Place    | Note
-------+----------+-------------------------------------------
     0 | D:1      | scionoferis the Hill Orc Monk began the quest for the Orb.
     0 | D:1      | Reached XP level 1. HP: 19/19 MP: 1/1
   210 | D:1      | Reached XP level 2. HP: 27/27 MP: 2/2
   550 | D:1      | Found a faded altar of an unknown god.
   571 | D:1      | Reached skill level 4 in Fighting
   834 | D:2      | Reached skill level 5 in Axes
   848 | D:2      | Reached XP level 3. HP: 33/33 MP: 3/3
  1258 | D:2      | Reached XP level 4. HP: 38/41 MP: 4/4
  1654 | D:3      | Reached skill level 6 in Axes
  1808 | D:3      | Noticed Terence
  1844 | D:3      | HP: 4/41 [Terence/+0 flail (10)]
  1857 | D:3      | Slain by Terence

Vanquished Creatures
  A gnoll (D:3)
  3 adders (D:2)
  2 worms (D:2)
  3 dart slugs (D:2)
  An orc (D:3)
  4 bats (D:2 D:3)
  7 endoplasms (D:1 D:2 D:3)
  A goblin (D:1)
  2 hobgoblins (D:2 D:3)
  A jackal (D:1)
  3 kobolds (D:1 D:2)
  3 quokkas (D:1 D:2)
  5 ball pythons (D:1 D:2)
  5 frilled lizards (D:1 D:2 D:3)
  4 rats (D:1 D:2)
45 creatures vanquished.

Table legend: (Time is in decaauts)
 A = Elapsed time spent in this place.
 B = Non-inter-level travel time spent in this place.
 C = Inter-level travel time spent in this place.
 D = Time resting spent in this place.
 E = Time spent auto-exploring this place.
 F = Levels seen in this place.
 G = Mean time per level.
                   A        B        C        D        E       F      G
               +--------+--------+--------+--------+--------+-----+--------+
         Total |   1863 |   1729 |    134 |      7 |   1134 |   3 |  621.0 |
       Dungeon |   1863 |   1729 |    134 |      7 |   1134 |   3 |  621.0 |
               +--------+--------+--------+--------+--------+-----+--------+

Top non-repeatable levels by time:
     D:2: 885 daAuts
     D:1: 750 daAuts
     D:3: 227 daAuts

Table legend:
 A = Non-vault XP
 B = Vault XP
 C = Vault XP percentage of total XP
 D = Non-vault monster count
 E = Vault monster count
 F = Vault count percentage of total count
                 A         B        C        D         E       F
            +---------+---------+-------+---------+---------+-------
      Total |     128 |       9 |   6.6 |      39 |       6 |  13.3
            +---------+---------+-------+---------+---------+-------
        D:1 |      16 |       6 |  27.3 |      11 |       4 |  26.7
        D:2 |      87 |       3 |   3.3 |      22 |       2 |   8.3
        D:3 |      25 |       0 |   0.0 |       6 |       0 |   0.0
            +---------+---------+-------+---------+---------+-------
